AoeStats
← Doak

Arena

509755757Analyzed
2v2 RM · 4d ago on Sep 27, 2026· 48m 55s· 4 players
Game mode
Random Map
Map size
Medium (4 player)
Population
200
Speed
Normal
Resources
Standard
Victory
Conquest
Starting age
Dark Age
Ending age
Imperial Age
RankedLock teamsTeams togetherTeam positionsShared explorationLock speedFull tech treeHidden civsTurbo modeCheats
Victory
Defeat
🇬🇧 Cumans · United Kingdom
1420
+16
🇺🇸 Khmer · United States
1378
+18
🇺🇸 Koreans · United States
1450
-18
🇺🇸 Saxons · United States
1402
-16
some.spiced.ham
9:06 Feudal Age
11:56 Castle Age
11:50 Loom
30:41 Wheelbarrow
32:16 Double-Bit Axe
33:56 Horse Collar
37:24 Bow Saw
37:42 Hand Cart
37:15 Town Watch
41:01 Imperial Age
39:42 Forging
39:02 Man-at-Arms
39:28 Arson
39:46 Scale Mail Armor
40:48 Chain Mail Armor
41:08 Iron Casting
39:58 Long Swordsman
41:15 Two-Handed Swordsman
45:46 Conscription
48:11 Caravan
Doak
3:07 Loom
8:49 Feudal Age
9:16 Double-Bit Axe
15:30 Scale Barding Armor
17:32 Bloodlines
21:01 Horse Collar
24:00 Castle Age
21:46 Loom
22:18 Forging
22:03 Gold Mining
23:27 Wheelbarrow
22:45 Fletching
22:56 Padded Archer Armor
24:45 Bodkin Arrow
25:43 Leather Archer Armor
25:43 Bow Saw
26:29 Thumb Ring
26:53 Ballistics
31:28 Light Cavalry
33:23 Hand Cart
33:17 Heavy Plow
36:06 Imperial Age
35:00 Chain Barding Armor
35:21 Forging
35:49 Stone Mining
35:46 Town Watch
37:49 Chemistry
37:21 Ring Archer Armor
36:13 Cavalier
37:34 Parthian Tactics
37:26 Scale Mail Armor
38:03 Plate Barding Armor
37:19 Heavy Cavalry Archer
39:12 Capped Ram
40:29 Iron Casting
40:06 Masonry
42:57 Blast Furnace
43:26 Murder Holes
42:58 Paladin
48:32 Conscription
el_Feist
11:15 Feudal Age
12:18 Double-Bit Axe
13:15 Loom
15:30 Castle Age
24:21 Gold Mining
24:51 Scale Mail Armor
28:22 Chain Mail Armor
30:39 Horse Collar
37:45 Wheelbarrow
38:01 Gold Shaft Mining
38:45 Heavy Plow
44:04 Imperial Age
43:48 Hand Cart
44:13 Ballistics
43:38 Pikeman
44:19 Squires
44:35 Heavy Rocket Cart
46:28 Chemistry
44:56 Elite Skirmisher
45:28 Fletching
45:10 Halberdier
48:23 Plate Mail Armor
StayWokeStayBroke
9:46 Feudal Age
13:50 Castle Age
11:37 Loom
12:17 Double-Bit Axe
14:22 Scale Mail Armor
20:46 Horse Collar
22:04 Squires
23:34 Bow Saw
23:58 Loom
24:50 Wheelbarrow
24:13 Gold Mining
24:41 Arson
29:11 Chain Mail Armor
29:06 Forging
31:03 Gambesons
34:21 Imperial Age
33:43 Hand Cart
34:29 Fletching
37:57 Plate Mail Armor
38:03 Iron Casting
37:54 Ballistics
37:55 Bodkin Arrow
41:19 Conscription
40:30 Shield Wall
43:48 Fortified Wall
44:41 Chemistry
43:39 Bodkin Arrow
44:16 Elite Varangian Guard
48:15 Man-at-Arms
49:37 Iron Casting
Connection lost

Rejoining the realm…

Still unreachable

The connection could not be restored.

Session expired

The server has moved on; the page needs a fresh start.